 Dungeon Crawl Stone Soup version 0.22-a0-268-g1cc83ef (webtiles) character file.

342 tidbits the Insei (level 6, -2/47 HPs)
             Began as a Gnoll Transmuter on Mar 9, 2018.
             Slain by an adder (5 damage)
             ... on level 4 of the Dungeon.
             The game lasted 00:04:02 (459 turns).

tidbits the Insei (Gnoll Transmuter)                 Turns: 459, Time: 00:04:03

Health: -2/47      AC:  6    Str: 12    XL:     6   Next: 57%
Magic:  1/14       EV: 15    Int: 17    God:
Gold:   37         SH:  0    Dex: 16    Spells: 9/15 levels left

rFire    . . .     SeeInvis .     - Unarmed
rCold    . . .     Gourm    .   (no shield)
rNeg     . . .     Faith    .   B - +0 robe
rPois    .         Spirit   .   (no helmet)
rElec    .         Reflect  .   C - +2 cloak
rCorr    .         Harm     .   G - +0 pair of gloves
MR       .....                  (no boots)
Stlth    ++........             (no amulet)
HPRegen  0.15/turn              (no ring)
MPRegen  0.14/turn              (no ring)

@: appendage, very slightly contaminated
A: distributed training, fangs 1, horns 2, strong nose
a: End Transformation


You were on level 4 of the Dungeon.
You were not hungry.
You had grown temporary horns.
You visited 1 branch of the dungeon, and saw 5 of its levels.

You collected 37 gold pieces.

Inventory:

Hand Weapons
 b - a +6 flail of venom
   (You took it off Edmund on level 4 of the Dungeon)
 c - a +0 dagger
Missiles
 a - 8 arrows
Armour
 B - a +0 robe (worn)
 C - a +2 cloak (worn)
 G - a +0 pair of gloves (worn)
Scrolls
 f - a scroll of remove curse
Potions
 e - a potion of flight
 g - a potion of cancellation
Comestibles
 d - 3 rations


   Skills:
 + Level 3.2 Fighting
 + Level 2.0 Short Blades
 + Level 2.0 Long Blades
 + Level 2.0 Axes
 + Level 2.0 Maces & Flails
 + Level 2.0 Polearms
 + Level 2.0 Staves
 + Level 2.0 Slings
 + Level 2.0 Bows
 + Level 2.0 Crossbows
 + Level 2.0 Throwing
 + Level 2.0 Armour
 + Level 5.0 Dodging
 + Level 2.0 Stealth
 + Level 2.0 Shields
 + Level 6.8 Unarmed Combat
 + Level 5.4 Spellcasting
 + Level 1.5 Conjurations
 + Level 1.5 Hexes
 + Level 1.5 Charms
 + Level 1.5 Summonings
 + Level 1.5 Necromancy
 + Level 1.5 Translocations
 + Level 4.1 Transmutations
 + Level 1.5 Fire Magic
 + Level 1.5 Ice Magic
 + Level 1.5 Air Magic
 + Level 1.5 Earth Magic
 + Level 1.5 Poison Magic
 + Level 2.2 Invocations
 + Level 2.0 Evocations


You had 9 spell levels left.
You knew the following spells:

 Your Spells              Type           Power        Failure   Level  Hunger
e - Beastly Appendage     Tmut           ###...       2%          1    None
k - Sticks to Snakes      Tmut           ###.....     3%          2    #......
p - Spider Form           Tmut/Pois      ##........   13%         3    ##.....


Dungeon Overview and Level Annotations

Branches:
Dungeon (5/15)
 Temple: D:4-7

Altars:


Innate Abilities, Weirdness & Mutations

Your experience applies equally to all skills.
You have very sharp teeth.
Your uncanny sense of smell can sniff out nearby items.
You have a pair of horns on your head.


Message History

The helpless quasit fails to defend itself.
You bite the quasit!
You kill the quasit!
Your Dodging skill increases to level 5!
Your transformation has ended.
Your +2 cloak unmelds from your body.
Your +0 pair of gloves unmelds from your body.
Your +0 robe unmelds from your body.
You see here a scroll labeled NETHRY DEITHRYCW.
As you read the scroll labeled NETHRY DEITHRYCW, it crumbles to dust.
It is a scroll of identify.
g - a potion of cancellation
There is a stone staircase leading up here.
You climb upwards.
You hear the hiss of flowing sand.
There is an entrance to an ossuary on this level.
Hurry and find it before the portal is buried!
There is a stone staircase leading down here.
A worker ant comes into view.
Casting: Sticks to Snakes (safe; 3% risk of failure)
Confirm with . or Enter, or press ? or * to list all spells.
You miscast Spider Form.
You are very lightly contaminated with residual magic.
Nothing appears to happen.
Casting: Spider Form (safe; 13% risk of failure)
Confirm with . or Enter, or press ? or * to list all spells.
You don't have enough magic to cast that spell.
Casting: Spider Form (safe; 13% risk of failure)
Confirm with . or Enter, or press ? or * to list all spells.
You miscast Beastly Appendage.
Nothing appears to happen.
You punch the worker ant! Your punch misses the worker ant.
The worker ant is severely wounded.
You feel a little less mighty now. The worker ant closely misses you.
You hit the worker ant but do no damage.
The worker ant is severely wounded.
The worker ant bites you.
* * * LOW HITPOINT WARNING * * *
You are poisoned.
The worker ant poisons you!
You hit the worker ant but do no damage.
You bite the worker ant, but do no damage.
The worker ant is severely wounded.
You feel sick. The worker ant barely misses you.
You punch the worker ant!
You kill the worker ant!
Your Short Blades skill increases to level 2!
Your Long Blades skill increases to level 2!
Your Axes skill increases to level 2!
Your Maces & Flails skill increases to level 2!
Your Polearms skill increases to level 2!
Your Staves skill increases to level 2!
Your Slings skill increases to level 2!
Your Bows skill increases to level 2!
Your Crossbows skill increases to level 2!
Your Throwing skill increases to level 2!
Your Armour skill increases to level 2!
Your Stealth skill increases to level 2!
Your Shields skill increases to level 2!
Your Evocations skill increases to level 2!
You feel sick.
Okay, then. 2 gnolls come into view.
You see here a worker ant corpse.
You swap places.
You feel sick.
You feel sick.
Your adder withers and dies!
You feel sick.
You feel sick.
You hear the hiss of a distant avalanche of sand.
You feel sick.
You feel sick.
You feel sick.
Found an orange potion.
An adder comes into view.
You feel sick.
You are no longer poisoned.
The adder hisses angrily.
Casting: Beastly Appendage (safe; 2% risk of failure)
Confirm with . or Enter, or press ? or * to list all spells.
You miscast Spider Form.
Your vision is briefly tinged with green.
The adder bites you.
* * * LOW HITPOINT WARNING * * *
Casting: Spider Form (safe; 13% risk of failure)
Confirm with . or Enter, or press ? or * to list all spells.
You don't have enough magic to cast that spell.
Casting: Spider Form (safe; 13% risk of failure)
Confirm with . or Enter, or press ? or * to list all spells.
You grow a pair of large bovine horns.
The adder misses you.
Unknown command.
You completely miss the adder. The adder closely misses you.
You hit the adder. You bite the adder.
The adder is severely wounded.
The adder bites you.
* * * LOW HITPOINT WARNING * * *
The adder bites you but does no damage.
You closely miss the adder. Your bite misses the adder.
The adder is severely wounded.
The adder bites you.
You die...

############ ####
#......#... ...
#.####.#.# #.#
#.####...#####.####
#.##...#..........#
#.##.#...#####@##.#
#.##.#.#.....S.#
#......#######.!
####.###### #### ∆
###......†..#
.>..#######.....#
.##.# ....# .##.#
.g.# ....# g.#


You could see an adder.

Vanquished Creatures
  Edmund (D:4)
  An ogre (D:4)
  A quasit (D:5)
  A bullfrog skeleton (D:4)
  2 worker ants (D:4)
  2 adders (D:2)
  A worm (D:3)
  A leopard gecko (D:4)
  An orc (D:3)
  A giant cockroach (D:2)
  3 goblins
  2 hobgoblins
  2 jackals (D:3)
  A frilled lizard (D:3)
  A rat (D:3)
21 creatures vanquished.

Vanquished Creatures (collateral kills)
  An adder (D:3)
1 creature vanquished.

Grand Total: 22 creatures vanquished

Notes
Turn   | Place    | Note
-------+----------+-------------------------------------------
     0 | D:1      | tidbits the Gnoll Transmuter began the quest for the Orb.
     0 | D:1      | Reached XP level 1. HP: 17/17 MP: 6/6
     6 | D:1      | Noticed a komodo dragon
     6 | D:1      | Noticed a tyrant leech
     6 | D:1      | Noticed a soldier ant
     6 | D:1      | Noticed a yaktaur captain
   104 | D:2      | Reached XP level 2. HP: 8/23 MP: 5/7
   136 | D:2      | Learned a level 2 spell: Sticks to Snakes
   196 | D:2      | Reached skill level 5 in Spellcasting
   196 | D:2      | Reached XP level 3. HP: 10/28 MP: 4/9
   201 | D:2      | Learned a level 3 spell: Spider Form
   290 | D:3      | Reached skill level 1 in Invocations
   339 | D:4      | Reached skill level 1 in Short Blades
   339 | D:4      | Reached skill level 1 in Long Blades
   339 | D:4      | Reached skill level 1 in Axes
   339 | D:4      | Reached skill level 1 in Maces & Flails
   339 | D:4      | Reached skill level 1 in Polearms
   339 | D:4      | Reached skill level 1 in Staves
   339 | D:4      | Reached skill level 1 in Slings
   339 | D:4      | Reached skill level 1 in Bows
   339 | D:4      | Reached skill level 1 in Crossbows
   339 | D:4      | Reached skill level 1 in Throwing
   339 | D:4      | Reached skill level 1 in Armour
   339 | D:4      | Reached skill level 1 in Stealth
   339 | D:4      | Reached skill level 1 in Shields
   339 | D:4      | Reached skill level 1 in Evocations
   339 | D:4      | Reached XP level 4. HP: 10/34 MP: 2/11
   366 | D:4      | HP: 3/34 [bullfrog skeleton (3)]
   368 | D:4      | Reached skill level 1 in Conjurations
   368 | D:4      | Reached skill level 1 in Hexes
   368 | D:4      | Reached skill level 1 in Charms
   368 | D:4      | Reached skill level 1 in Summonings
   368 | D:4      | Reached skill level 1 in Necromancy
   368 | D:4      | Reached skill level 1 in Translocations
   368 | D:4      | Reached skill level 1 in Fire Magic
   368 | D:4      | Reached skill level 1 in Ice Magic
   368 | D:4      | Reached skill level 1 in Air Magic
   368 | D:4      | Reached skill level 1 in Earth Magic
   368 | D:4      | Reached skill level 1 in Poison Magic
   371 | D:4      | Noticed Edmund
   380 | D:4      | Killed Edmund
   380 | D:4      | Reached skill level 3 in Fighting
   380 | D:4      | Reached skill level 4 in Transmutations
   380 | D:4      | Reached XP level 5. HP: 5/41 MP: 4/12
   386 | D:4      | Noticed an ogre
   395 | D:4      | Killed an ogre
   395 | D:4      | Reached skill level 2 in Invocations
   395 | D:4      | Reached XP level 6. HP: 8/47 MP: 0/14
   406 | D:5      | Entered Level 5 of the Dungeon
   409 | D:5      | Reached skill level 5 in Dodging
   430 | D:4      | Reached skill level 2 in Short Blades
   430 | D:4      | Reached skill level 2 in Long Blades
   430 | D:4      | Reached skill level 2 in Axes
   430 | D:4      | Reached skill level 2 in Maces & Flails
   430 | D:4      | Reached skill level 2 in Polearms
   430 | D:4      | Reached skill level 2 in Staves
   430 | D:4      | Reached skill level 2 in Slings
   430 | D:4      | Reached skill level 2 in Bows
   430 | D:4      | Reached skill level 2 in Crossbows
   430 | D:4      | Reached skill level 2 in Throwing
   430 | D:4      | Reached skill level 2 in Armour
   430 | D:4      | Reached skill level 2 in Stealth
   430 | D:4      | Reached skill level 2 in Shields
   430 | D:4      | Reached skill level 2 in Evocations
   455 | D:4      | HP: 4/47 [adder (1)]
   459 | D:4      | Slain by an adder

Vault maps used:
D:1:      onia_arrival_zoo_common
D:2:      first_ration, minivault_23
D:3:      chequers_temple_overflow_statue_of_worship
D:4:      enter_ossuary_4, uniq_crazy_yiuf_cottage, uniq_eustachio, uniq_edmund
D:5:      vehumet_altar_wand_db, lemuel_round_altar, grunt_ministairs_14

Skill      XL: |  1  2  3  4  5  6 |
---------------+-------------------+-----
Spellcasting   | 5 |  5.4
Invocations    | 1 2 |  2.2
Short Blades   | 1 2 |  2.0
Long Blades    | 1 2 |  2.0
Axes           | 1 2 |  2.0
Maces & Flails | 1 2 |  2.0
Polearms       | 1 2 |  2.0
Staves         | 1 2 |  2.0
Slings         | 1 2 |  2.0
Bows           | 1 2 |  2.0
Crossbows      | 1 2 |  2.0
Throwing       | 1 2 |  2.0
Armour         | 1 2 |  2.0
Stealth        | 1 2 |  2.0
Shields        | 1 2 |  2.0
Evocations     | 1 2 |  2.0
Conjurations   | 1 |  1.5
Hexes          | 1 |  1.5
Charms         | 1 |  1.5
Summonings     | 1 |  1.5
Necromancy     | 1 |  1.5
Translocations | 1 |  1.5
Fire Magic     | 1 |  1.5
Ice Magic      | 1 |  1.5
Air Magic      | 1 |  1.5
Earth Magic    | 1 |  1.5
Poison Magic   | 1 |  1.5
Fighting       | 3 |  3.2
Transmutations | 4 |  4.1
Dodging        | 5 |  5.0
Unarmed Combat | |  6.8

Action                   |  1- 3 |  4- 6 || total
-------------------------+-------+-------++-------
Melee: Unarmed           |    45 |    22 ||    67
       Kick              |     3 |       ||     3
       Bite              |     1 |     2 ||     3
       Punch             |     1 |       ||     1
       Headbutt          |       |     2 ||     2
 Cast: Beastly Appendage |     4 |     2 ||     6
       Sticks to Snakes  |     2 |     2 ||     4
       Spider Form       |     4 |     1 ||     5
  Use: Potion            |     1 |     1 ||     2
       Scroll            |       |     2 ||     2
 Stab: Sleeping          |     1 |     1 ||     2
Armor: Robe              |     6 |     3 ||     9
Dodge: Dodged            |    32 |    12 ||    44

Table legend:
 A = Spawn XP
 B = Non-spawn XP
 C = Spawn XP percentage of total XP
 D = Spawn monster count
 E = Non-spawn monster count
 F = Spawn count percentage of total count
 G = Total turns spent on level
                    A         B        C        D         E        F      G
               +---------+---------+-------+---------+---------+-------+---------
         Total |       0 |     489 |   0.0 |       0 |      22 |   0.0 |   459
               +---------+---------+-------+---------+---------+-------+---------
           D:1 |       0 |       2 |   0.0 |       0 |       1 |   0.0 |    96
           D:2 |       0 |      36 |   0.0 |       0 |       6 |   0.0 |   112
           D:3 |       0 |      28 |   0.0 |       0 |       8 |   0.0 |   116
           D:4 |       0 |     378 |   0.0 |       0 |       6 |   0.0 |   124
           D:5 |       0 |      45 |   0.0 |       0 |       1 |   0.0 |    11
               +---------+---------+-------+---------+---------+-------+---------

Table legend:
 A = Turns spent in this place as a percentage of turns spent in the entire game.
 B = Non-inter-level travel turns spent in this place as a percentage of non-inter-level travel turns spent in the entire game.
 C = Inter-level travel turns spent in this place as a percentage of turns spent in this place.
 D = Turns resting spent in this place as a percentage of non-inter-level travel turns spent in this place.
 E = Turns spent auto-exploring this place as a percentage of non-inter-level travel turns spent in this place.
 F = Non-inter-level travel turns spent in this place divided by the number of levels of this place that you've seen.
                   A       B       C       D       E      F
               +-------+-------+-------+-------+-------+----------------------
         Total | 100.0 | 100.0 |   0.0 |   0.0 |   0.0 |  91.8
       Dungeon | 100.0 | 100.0 |   0.0 |   0.0 |   0.0 |  91.8
               +-------+-------+-------+-------+-------+----------------------

Table legend:
 A = Kills in this place as a percentage of kills in entire the game.
 B = Kills by you in this place as a percentage of kills by you in the entire game.
 C = Kills by friends in this place as a percentage of kills by friends in the entire game.
 D = Other kills in this place as a percentage of other kills in the entire game.
 E = Experience gained in this place as a percentage of experience gained in the entire game.
 F = Experience gained in this place divided by the number of levels of this place that you have seen.
                   A       B       C       D       E      F
               +-------+-------+-------+-------+-------+----------------------
         Total | 100.0 | 100.0 | 100.0 |   N/A | 100.0 |  97.8
       Dungeon | 100.0 | 100.0 | 100.0 |   N/A | 100.0 |  97.8
               +-------+-------+-------+-------+-------+----------------------

Vault maps used:
D:1:      onia_arrival_zoo_common
D:2:      first_ration, minivault_23
D:3:      chequers_temple_overflow_statue_of_worship
D:4:      enter_ossuary_4, uniq_crazy_yiuf_cottage, uniq_eustachio, uniq_edmund
D:5:      vehumet_altar_wand_db, lemuel_round_altar, grunt_ministairs_14
